 Dungeon Crawl Stone Soup version 0.20-a0-435-gf4ea4dd (webtiles) character file.

104 recordrepeat the Chopper (level 4, -1/40 HPs)
             Began as a Hill Orc Fighter on Jan 6, 2017.
             Was an Initiate of Beogh.
             Slain by Grinder (5 damage)
             ... on level 3 of the Dungeon.
             The game lasted 00:06:42 (2654 turns).

recordrepeat the Chopper (Hill Orc Fighter)         Turns: 2654, Time: 00:06:43

Health: -1/40      AC:  7    Str: 19    XL:     4   Next: 80%
Magic:  4/4        EV:  7    Int:  8    God:    Beogh [......]
Gold:   111        SH:  9    Dex: 10    Spells: 3/3 levels left

rFire  . . .     SeeInvis .     a - +0 war axe
rCold  . . .     Gourm    .     b - +0 scale mail
rNeg   . . .     Faith    .     c - +0 shield
rPois  .         Spirit   .     (no helmet)
rElec  .         Reflect  .     (no cloak)
rCorr  .         Harm     .     (no gloves)
MR     .....                    (no boots)
Stlth  ..........               (no amulet)
                                (no ring)
                                (no ring)

@: no status effects
A: no striking features
a: Renounce Religion


You were on level 3 of the Dungeon.
You worshipped Beogh.
Beogh was noncommittal.
You were not hungry.

You visited 1 branch of the dungeon, and saw 3 of its levels.

You collected 111 gold pieces.

Inventory:

Hand Weapons
 a - a +0 war axe (weapon)
Missiles
 n - 7 silver tomahawks (quivered)
Armour
 b - a +0 scale mail (worn)
 c - a +0 shield (worn)
Jewellery
 p - an uncursed ring of ice {unknown}
Scrolls
 i - a scroll of identify
 j - a scroll of recharging {unknown}
 l - 5 scrolls of remove curse
 m - 2 scrolls of noise {unknown}
 o - a scroll of blinking {unknown}
 r - a scroll of enchant weapon {unknown}
Potions
 d - a potion of might
 h - a potion of brilliance {unknown}
 q - a potion of beneficial mutation {unknown}
Comestibles
 f - a bread ration
 k - 2 meat rations


   Skills:
 + Level 4.1 Fighting
 + Level 4.7 Axes
 + Level 3.9 Armour
 + Level 0.1 Dodging
 + Level 3.9 Shields


You had 3 spell levels left.
You didn't know any spells.

Dungeon Overview and Level Annotations

Branches:
Dungeon (3/15)

Altars:

Annotations:
D:3 Grinder


Message History

Grinder hits you.
You writhe in agony.
Grinder gestures at you.
You suddenly lose the ability to move!
All of the chunks of flesh in your inventory have rotted away.
An orc comes into view. It is wielding a club.
Grinder hits you.
You writhe in agony.
* * * LOW HITPOINT WARNING * * *
Grinder hits you but does no damage.
You can move again.
You closely miss Grinder.
Grinder is almost dead.
You hit the orc. The orc hits you but does no damage. Grinder hits you!
* * * LOW HITPOINT WARNING * * *
You writhe in agony.
* * * LOW HITPOINT WARNING * * *
Unknown command.
You feel better. You block the orc's attack. Grinder hits you!
* * * LOW HITPOINT WARNING * * *
You writhe in agony.
You die...

###########
..........##.#
####...o@o).#
#####5#### #.#
#.# #.# #.#
#.# #.#


You could see Grinder, an orc and a neutral orc priest (wandering).

Vanquished Creatures
  2 gnolls (D:2)
  3 adders
  3 oozes
  A worm (D:2)
  A dart slug (D:2)
  2 leopard geckos (D:1)
  An orc (D:3)
  A ball python (D:1)
  3 giant cockroaches (D:2)
  A goblin (D:1)
  A hobgoblin (D:2)
  5 kobolds (D:1)
  A quokka (D:1)
  9 bats
  3 frilled lizards
  5 rats
42 creatures vanquished.

Vanquished Creatures (others)
  An orc (D:3)
1 creature vanquished.

Grand Total: 43 creatures vanquished

Notes
Turn   | Place    | Note
-------+----------+-------------------------------------------
     0 | D:1      | recordrepeat the Hill Orc Fighter began the quest for the Orb.
     0 | D:1      | Reached XP level 1. HP: 19/19 MP: 1/1
   259 | D:1      | Reached XP level 2. HP: 27/27 MP: 2/2
   430 | D:1      | Reached XP level 3. HP: 33/33 MP: 3/3
  1431 | D:2      | Reached XP level 4. HP: 20/40 MP: 4/4
  2244 | D:3      | Noticed Grinder
  2247 | D:3      | Paralysed by Grinder for 5 turns
  2252 | D:3      | Became a worshipper of Beogh the Brigand
  2629 | D:3      | Paralysed by Grinder for 7 turns
  2650 | D:3      | Paralysed by Grinder for 3 turns
  2653 | D:3      | HP: 2/40 [Grinder (3)]
  2654 | D:3      | Slain by Grinder

Vault maps used:
D:1:      minmay_arrival_widening_spiral_wide, serial_bayou_lagoon_a,
          minmay_tree_intersection, minmay_tripent
D:3:      uniq_grinder

Skill      XL: |  1  2  3 |
---------------+----------+-----
Axes           | 3 4 |  4.7
Fighting       | 4 |  4.1
Armour         | |  3.9
Dodging        | |  0.1
Shields        | |  3.9

Action                   |  1- 3 |  4- 6 || total
-------------------------+-------+-------++-------
Melee: War axe           |   111 |    66 ||   177
Invok: Convert to Beogh  |       |     1 ||     1
  Use: Scroll            |     2 |       ||     2
       Potion            |       |     1 ||     1
  Eat: Chunk             |     2 |     4 ||     6
Armor: Scale mail        |    51 |    35 ||    86
Dodge: Dodged            |    35 |    29 ||    64
Block: Shield            |    55 |    33 ||    88
